 Dungeon Crawl Stone Soup version 0.31-a0-222-gefeffbb62a (webtiles) character file.

Game seed: 9254232302249415943

5063 Ijustatesigmund the Tainter (level 10, -1/69 HPs)
             Began as an Octopode Venom Mage on July 5, 2023.
             Was a Believer of Vehumet.
             Slain by a yak (10 damage)
             ... on level 9 of the Dungeon.
             The game lasted 00:22:37 (9661 turns).

Ijustatesigmund the Tainter (Octopode Venom Mage)   Turns: 9661, Time: 00:22:37

Health: -1/69      AC:  1    Str:  7    XL:     10   Next: 56%
Magic:  21/28      EV: 13    Int: 26    God:    Vehumet [**....]
Gold:   307        SH:  9    Dex: 19    Spells: 6/21 levels left

rFire   . . .        f - +8 rapier of Pyrub {freeze, rN+ Int+4}
rCold   + . .        n - +3 buckler
rNeg    + . .        (helmet restricted)
rPois   .            h - amulet of magic regeneration
rElec   .            b - +6 ring of dexterity
rCorr   .            q - ring of magical power
SInv    .            s - ring of protection from cold
Will    .....        (no ring)
Stlth   +++          (no ring)
HPRegen 0.31/turn    (no ring)
MPRegen 0.61/turn    (no ring)
                     (no ring)

%: no passive effects
@: radiating poison
A: almost no armour, amphibious, 8 rings, camouflage 1, gelatinous body 1,
(nimble swimmer 1), tentacles, robust 1, MP-powered wands
a: Renounce Religion


You were on level 9 of the Dungeon.
You worshipped Vehumet.
Vehumet was pleased with you.
You visited 1 branch of the dungeon, and saw 9 of its levels.
You also visited: Sewer and Bailey.

You collected 307 gold pieces.

Inventory:

Hand Weapons
 f - the +8 rapier of Pyrub (weapon) {freeze, rN+ Int+4}
   (You found it on level 2 of the Dungeon)

   Int:       It affects your intelligence (+4).
   rN:        It protects you from negative energy.
 i - a +1 rapier
Armour
 n - a +3 buckler (worn)
Magical Staves
 o - a staff of fire
Jewellery
 b - a +6 ring of dexterity (left tentacle)
 h - an amulet of magic regeneration (around mantle)
 q - a ring of magical power (right tentacle)
 s - a ring of protection from cold (on tentacle)
Wands
 d - a wand of polymorph (11)
Scrolls
 c - a scroll of enchant armour
 j - 2 scrolls of teleportation
 l - 4 scrolls of identify
Potions
 a - 6 potions of magic
 e - 3 potions of enlightenment
 g - 4 potions of haste
 k - 2 potions of cancellation
 m - a potion of ambrosia
 p - a potion of might
 r - a potion of curing
 t - 3 potions of resistance
 u - 2 potions of mutation
 v - 2 potions of invisibility
 w - a potion of heal wounds


   Skills:
 - Level 3.2 Fighting
 - Level 2.4 Short Blades
 - Level 2.0 Dodging
 - Level 2.6 Stealth
 - Level 4.2 Shields
 + Level 6.0 Spellcasting
 + Level 5.8 Conjurations
 + Level 5.9 Transmutations
 + Level 5.9 Air Magic
 + Level 8.2 Poison Magic
 + Level 3.0 Evocations


You had 6 spell levels left.
You knew the following spells:

 Your Spells              Type           Power      Damage    Failure   Level
a - Magic Dart            Conj           100%       1d8       1%          1
b - Poisonous Vapours     Pois/Air       88%        N/A       1%          2
c - Mephitic Cloud        Conj/Pois/Air  42%        N/A       1%          3
d - Olgreb's Toxic Radia  Pois           50%        N/A       3%          4
e - Irradiate             Conj/Tmut      19%        3d18      26%         5

Your spell library contained the following spells:

 Spells                   Type           Power      Damage    Failure   Level
 Shock                    Conj/Air       100%       1d9       1%          1
 Sting                    Tmut/Pois      100%       1d8       1%          1
 Swiftness                Air            38%        N/A       2%          3
 Foxfire                  Conj/Fire      88%        2x1d8     3%          1
 Passwall                 Tmut/Erth      19%        N/A       4%          2
 Vhi's Electric Charge    Tloc/Air       46%        N/A       10%         3
 Slow                     Hex            28%        N/A       11%         1
 Ensorcelled Hibernation  Hex/Ice        14%        N/A       16%         2
 Arcjolt                  Conj/Air       19%        1d29      26%         5
 Confusing Touch          Hex            7%         N/A       32%         3
 Vampiric Draining        Necr           7%         2d6       32%         3
 Plasma Beam              Fire/Air       11%        2x1d22    99%         6


Dungeon Overview and Level Annotations

Branches:
Dungeon (9/15)             Temple (0/1) D:4            Lair (0/5) D:8
  Sewer (visited)          Bailey (visited)
    Orc: D:9-12

Altars:
Cheibriados
Dithmenos
Elyvilon
Fedhas
Kikubaaqudgha
Okawaru
Vehumet

Shops:
D:7 ==*

Annotations:
D:7 Joseph


Innate Abilities, Weirdness & Mutations

You cannot wear most types of armour.
You are amphibious.
You can wear up to eight rings at the same time.
Your skin changes colour to match your surroundings (Stealth+).
Your rubbery body absorbs attacks. (AC +1, EV +1)
((You are camouflaged when in or above water. (Stealth+)))
You have tentacles for arms and can constrict up to eight enemies at once.
You are robust. (+10% HP)
You expend magic power (3 MP) to strengthen your wands.


Message History

Vehumet accepts your kill.
The killer bee looks even sicker.
You kill the killer bee!
Vehumet accepts your kill.
You feel your power returning.
The yak looks even sicker. x3
You kill the killer bee!
Vehumet accepts your kill.
You feel your power returning. The yak gores you but does no damage.
You block the yak's attack.
Casting: Olgreb's Toxic Radiance (dangerous; 3% risk of failure)
Confirm with . or Enter, or press ? or * to list all spells.
Your toxic radiance grows in intensity.
The killer bee looks even sicker.
The yak looks as sick as possible!
The yak looks even sicker. x2
You kill the killer bee!
Vehumet accepts your kill.
The yak looks as sick as possible!
The yak looks even sicker. x2
The yak looks as sick as possible!
The yak gores you! The yak gores you. The yak misses you.
Your Spellcasting skill increases to level 6!
The wyvern looks even sicker.
The yak looks as sick as possible! x2
You block the wyvern's attack. The wyvern barely misses you.
The yak gores you but does no damage. The yak gores you! The yak misses you.
The yak gores you but does no damage.
Casting: Olgreb's Toxic Radiance (dangerous; 3% risk of failure)
Confirm with . or Enter, or press ? or * to list all spells.
Your toxic radiance grows in intensity.
The yak looks as sick as possible! x5
You kill the wyvern!
Vehumet accepts your kill.
The yak looks as sick as possible! x4; You block the yak's attack. x2
The yak gores you. The yak gores you!
* * * LOW HITPOINT WARNING * * *
The yak gores you.
* * * LOW HITPOINT WARNING * * *
Your Evocations skill increases to level 3!
The yak looks as sick as possible! x3; The yak gores you.
* * * LOW HITPOINT WARNING * * *
The yak gores you.
* * * LOW HITPOINT WARNING * * *
The yak gores you!
You die...

...
#..#########.
#...........
#..........
###........#
...........#
....[.YYY..#
#...Y@Y..#
#.....Y..#
#........#
#........#
#.?......#
#........#
##########


You could see 6 yaks.

Vanquished Creatures
  Pikel (D:3)
  An orc knight (Bailey)
  Maurice (D:8)
  A komodo dragon (D:8)
  2 wyverns
  4 yaks (D:8)
  An acid dragon (D:8)
  3 water moccasins
  A black bear (D:8)
  An ice beast (D:7)
  An ogre (D:5)
  A lemure (D:3)
  A phantom (D:4)
  4 bullfrogs (D:8)
  3 scorpions
  10 killer bees
  A jelly (D:4)
  6 hounds
  3 orc priests
  Jessica (D:3)
  A hell rat (Sewer)
  4 sleepcaps
  5 iguanas
  6 orc wizards
  Natasha (twice) (D:2)
  16 gnolls
  7 adders
  A river rat (Sewer)
  2 shadow imps
  A white imp (D:8)
  A worm (D:4)
  25 orcs
  8 ball pythons
  5 endoplasms
  4 giant cockroaches
  7 goblins
  6 hobgoblins
  2 quokkas
  4 bats
  2 frilled lizards
  2 kobolds
  7 rats
165 creatures vanquished.

Notes
Turn   | Place    | Note
-------+----------+-------------------------------------------
     0 | D:1      | Ijustatesigmund the Octopode Venom Mage began the quest for
                  | the Orb.
     0 | D:1      | Reached XP level 1. HP: 11/11 MP: 3/3
   152 | D:1      | Reached XP level 2. HP: 16/18 MP: 5/5
   155 | D:1      | Learned a level 2 spell: Poisonous Vapours
   470 | D:1      | Found a faded altar of an unknown god.
   539 | D:1      | Reached skill level 1 in Fighting
   764 | D:1      | Reached skill level 4 in Poison Magic
  1112 | D:2      | Noticed Natasha
  1120 | D:2      | Killed Natasha
  1121 | D:2      | Reached skill level 1 in Air Magic
  1121 | D:2      | Reached XP level 3. HP: 15/23 MP: 1/6
  1130 | D:2      | Learned a level 3 spell: Mephitic Cloud
  1417 | D:2      | Identified the +8 rapier of Pyrub {freeze, rN+ Int+4}
  1505 | D:2      | Reached XP level 4. HP: 25/28 MP: 7/7
  1645 | D:2      | Noticed Natasha
  1651 | D:2      | Killed Natasha
  2227 | D:3      | Reached skill level 1 in Short Blades
  2227 | D:3      | Reached skill level 1 in Conjurations
  2227 | D:3      | Reached XP level 5. HP: 33/33 MP: 0/9
  2308 | D:3      | Noticed Jessica
  2314 | D:3      | Killed Jessica
  2599 | D:3      | Found a radiant altar of Vehumet.
  2615 | D:3      | Became a worshipper of Vehumet
  2965 | D:3      | Reached skill level 5 in Poison Magic
  2965 | D:3      | Reached XP level 6. HP: 6/38 MP: 6/10
  3195 | D:3      | Learned a level 4 spell: Olgreb's Toxic Radiance
  3230 | D:4      | Found a glowing drain.
  3243 | D:4      | Noticed Pikel
  3247 | Sewer    | Entered a sewer
  3497 | Sewer    | Got Karo Opo's Directory of Vehement Electrocution
  3877 | D:3      | Killed Pikel
  3878 | D:3      | Reached skill level 6 in Poison Magic
  3878 | D:3      | Reached XP level 7. HP: 31/46 MP: 4/13
  3878 | D:3      | Reached XP level 8. HP: 35/52 MP: 4/14
  3994 | D:3      | Learned a level 5 spell: Irradiate
  4481 | D:4      | Found a staircase to the Ecumenical Temple.
  4632 | D:5      | Entered Level 5 of the Dungeon
  5817 | D:6      | Reached * piety under Vehumet
  5817 | D:6      | Offered knowledge of Kiss of Death by Vehumet.
  6099 | D:6      | Found a blossoming altar of Fedhas.
  6657 | D:6      | Found a white marble altar of Elyvilon.
  6665 | D:6      | Found an ancient bone altar of Kikubaaqudgha.
  6665 | D:6      | Found a shadowy altar of Dithmenos.
  6665 | D:6      | Found a snail-covered altar of Cheibriados.
  6856 | D:7      | Reached XP level 9. HP: 40/57 MP: 16/16
  7107 | D:7      | Reached skill level 7 in Poison Magic
  7133 | D:7      | Found Wonul's Assorted Antiques.
  7195 | D:7      | Reached skill level 5 in Spellcasting
  7222 | D:7      | Found Sumparoonga's Jewellery Shop.
  7342 | D:7      | Found Lotwumot's Jewellery Boutique.
  7696 | D:7      | Noticed Joseph
  7959 | D:8      | Noticed Maurice
  7975 | D:8      | Killed Maurice
  7976 | D:8      | Reached skill level 5 in Air Magic
  8016 | D:8      | Found a flagged portal.
  8031 | Bailey   | Entered a bailey
  8229 | Bailey   | Reached skill level 1 in Shields
  8253 | Bailey   | Noticed an orc knight
  8260 | Bailey   | Killed an orc knight
  8459 | Bailey   | Gained mutation: You are robust. (+10% HP) [potion of
                  | mutation]
  8459 | Bailey   | Gained mutation: You expend magic power (3 MP) to
                  | strengthen your wands. [potion of mutation]
  8481 | D:8      | Reached skill level 5 in Transmutations
  8486 | D:8      | Reached skill level 5 in Conjurations
  8487 | D:8      | Reached skill level 1 in Evocations
  8685 | D:8      | Reached XP level 10. HP: 53/69 MP: 18/18
  8878 | D:8      | Reached ** piety under Vehumet
  8926 | D:8      | Reached skill level 8 in Poison Magic
  9054 | D:8      | Offered knowledge of Magic Dart by Vehumet.
  9058 | D:8      | Learned a level 1 spell: Magic Dart
  9178 | D:8      | Found a staircase to the Lair.
  9446 | D:8      | Found an iron altar of Okawaru.
  9661 | D:9      | Slain by a yak

Illustrated notes

Levels and vault maps discovered:
D:1:      dpeg_arrival_subterranean_lakeside_camping, layout_basic,
          ebering_ecumenical_altar_petrified, serial_rivers,
          chequers_serial_rivers_room_a, chequers_serial_rivers_large_a,
          chequers_serial_rivers_micro_b, chequers_serial_rivers_micro_c
D:2:      layout_loops_ring, kennysheep_cross_bottleneck, skrybe_limestone_x,
          uniq_natasha
D:3:      layout_rooms, nicolae_vehumet_radiance, uniq_jessica
D:4:      layout_cave_pools, minmay_temple_entry_hall, gup_sewer_entry_glass,
          minmay_misc_feat_columns, hangedman_decor_lopped, uniq_pikel
D:5:      layout_cave_pools, kennysheep_small_square
D:6:      layout_basic, mainiacjoe_overflow_boulevard, minitemple
D:7:      layout_loops_corners, serial_shops, shop, nicolae_shop_rolled_up,
          shop, shop, minmay_tree_intersection, uniq_maggie, uniq_joseph
D:8:      layout_basic, okawaru_gym_becter, due_lair_maze_entry_diamond,
          enter_bailey_3, uniq_maurice
D:9:      layout_small_grid, billiards_dpeg

Skill      XL: |  1  2  3  4  5  6  7  8  9 10 |
---------------+-------------------------------+-----
Fighting       | 1 3 |  3.2
Poison Magic   | 4 5 6 7 8 |  8.2
Air Magic      | 1 2 3 4 5 |  5.9
Short Blades   | 1 2 |  2.4
Conjurations   | 1 3 4 5 |  5.8
Spellcasting   | 3 4 5 6 |  6.0
Transmutations | 4 5 |  5.9
Shields        | 4 |  4.2
Evocations     | 1 3 |  3.0
Dodging        | |  2.0
Stealth        | |  2.6

Action                     |  1- 3 |  4- 6 |  7- 9 | 10-12 || total
---------------------------+-------+-------+-------+-------++-------
  Melee: Unarmed           |    27 |       |       |       ||    27
         Constrict         |    13 |    15 |    17 |     7 ||    52
         Tentacles         |     7 |    10 |    23 |     8 ||    48
         Short sword       |    16 |       |       |       ||    16
         Rapier            |     5 |    58 |    85 |    31 ||   179
         Punch             |       |       |     1 |       ||     1
   Cast: Poisonous Vapours |    14 |    34 |    33 |     3 ||    84
         Sting             |     1 |     5 |       |       ||     6
         Mephitic Cloud    |       |     3 |     8 |       ||    11
         Olgreb's Toxic Ra |       |     2 |    19 |    10 ||    31
         Magic Dart        |       |       |       |     1 ||     1
         Irradiate         |       |       |       |     1 ||     1
    Use: Scroll            |     7 |     9 |    10 |     1 ||    27
         Potion            |       |     4 |     3 |     2 ||     9
   Stab: Sleeping          |     4 |       |     6 |       ||    10
         Confused          |       |       |     2 |       ||     2
 Armour: Skin              |     6 |     7 |     2 |     4 ||    19
  Dodge: Dodged            |    28 |    26 |    39 |    13 ||   106
  Block: Buckler           |       |       |    10 |    14 ||    24

Table legend: (Time is in decaauts)
 A = Elapsed time spent in this place.
 B = Non-inter-level travel time spent in this place.
 C = Inter-level travel time spent in this place.
 D = Time resting spent in this place.
 E = Time spent auto-exploring this place.
 F = Levels seen in this place.
 G = Mean time per level.
                   A        B        C        D        E       F      G
               +--------+--------+--------+--------+--------+-----+--------+
         Total |   9652 |   9482 |    170 |   2889 |   5408 |  11 |  877.5 |
       Dungeon |   8937 |   8767 |    170 |   2577 |   5126 |   9 |  993.0 |
         Sewer |    282 |    282 |      0 |    194 |     51 |   1 |  282.0 |
        Bailey |    433 |    433 |      0 |    118 |    231 |   1 |  433.0 |
               +--------+--------+--------+--------+--------+-----+--------+

Top non-repeatable levels by time:
     D:6: 1591 daAuts
     D:8: 1290 daAuts
     D:2: 1180 daAuts
     D:3: 1135 daAuts
     D:4: 1023 daAuts
     D:1: 1023 daAuts
     D:7: 999 daAuts
     D:5: 686 daAuts
  Bailey: 433 daAuts
   Sewer: 282 daAuts
     D:9: 5 daAuts
